 Dungeon Crawl Stone Soup version 0.30.1 (webtiles) character file.

Game seed: 18282920145249932954

204 Arctor the Insei (level 5, -4/35 HPs)
             Began as an Octopode Transmuter on July 13, 2023.
             Slain by Terence
             ... wielding a +4 flail of protection
              (7 damage)
             ... on level 3 of the Dungeon.
             The game lasted 00:03:22 (2720 turns).

Arctor the Insei (Octopode Transmuter)              Turns: 2720, Time: 00:03:23

Health: -4/35      AC:  2    Str:  9    XL:     5   Next: 82%
Magic:  7/9        EV: 20    Int: 17    God:
Gold:   193        SH:  0    Dex: 18    Spells: 5/9 levels left

rFire   . .          .
                       - Unarmed
rCold   . . .        (shield currently unavailable)
rNeg    . . .        (helmet currently unavailable)
rPois   x            (no amulet)
rElec   .            i - ring of wizardry
rCorr   .            o - ring of willpower
SInv    .            (no ring)
Will    +....        (no ring)
Stlth   ++           (no ring)
HPRegen 0.25/turn    (no ring)
MPRegen 0.11/turn    (no ring)
                     (no ring)

%: wizardry (x1)
@: spider-form (expiring)
A: venomous fangs, almost no armour, (amphibious), 8 rings, tiny, (camouflage
1), (gelatinous body 1), (nimble swimmer 1), (tentacles)
a: End Transformation


You were on level 3 of the Dungeon.
You were a venomous arachnid creature.
You visited 1 branch of the dungeon, and saw 3 of its levels.

You collected 193 gold pieces.

Inventory:

Jewellery
 i - a ring of wizardry (left front pincers)
 o - a ring of willpower (right front pincers)
Scrolls
 a - 2 scrolls of butterflies {unknown}
 b - 4 scrolls of teleportation {unknown}
 c - 2 scrolls of identify {unknown}
 d - 2 scrolls of fear {unknown}
 e - 2 scrolls of blinking {unknown}
 f - a scroll of poison {unknown}
 g - 2 scrolls of amnesia {unknown}
 j - a scroll of immolation {unknown}
 p - a scroll of magic mapping {unknown}
Potions
 h - a potion of curing
 k - a potion of flight {unknown}
 l - a potion of brilliance {unknown}
 m - a potion of heal wounds {unknown}
 n - a potion of haste {unknown}


   Skills:
 + Level 2.4 Fighting
 + Level 3.0 Dodging
 + Level 3.7 Unarmed Combat
 + Level 2.9 Spellcasting
 * Level 3.4 Transmutations


You had 5 spell levels left.
You knew the following spells:

 Your Spells              Type           Power      Damage    Failure   Level
a - Beastly Appendage     Tmut           28%        N/A       5%          1
b - Spider Form           Tmut/Pois      8%         N/A       21%         3

Your spell library contained the following spells:

 Spells                   Type           Power      Damage    Failure   Level
 Wereblood                Tmut           14%        N/A       8%          2
 Sublimation of Blood     Necr           2%         N/A       21%         2
 Ice Form                 Ice/Tmut       8%         N/A       50%         4
 Petrify                  Tmut/Erth      8%         N/A       50%         4
 Irradiate                Conj/Tmut      4%         3d13      80%         5


Dungeon Overview and Level Annotations

Branches:
Dungeon (3/15)

Altars:
Hepliaklqana
The Shining One

Annotations:
D:3 Terence


Innate Abilities, Weirdness & Mutations

You are a venomous arachnid creature.
You have venomous fangs.
You are tiny and dextrous.
Your spellcasting is less reliable in this form.
Your armour is entirely melded.
You are incapable of wielding weapons or throwing items.
You cannot wear most types of armour.
((You are amphibious.))
You can wear up to eight rings at the same time.
((Your skin changes colour to match your surroundings (Stealth+).))
((Your rubbery body absorbs attacks. (AC +1, EV +1)))
((You are camouflaged when in or above water. (Stealth+)))
((You have tentacles for arms and can constrict up to eight enemies at once.))


Message History

Terence hits you with a +4 flail of protection!
Terence is nearby!
You barely miss Terence. You squeeze Terence, but do no damage.
Terence is lightly wounded.
You constrict Terence.
Terence hits you with a +4 flail of protection.
You tentacle-slap Terence but do no damage.
You pierce Terence, but do no damage.
Terence is lightly wounded.
You constrict Terence, but do no damage.
Terence completely misses you.
You tentacle-slap Terence but do no damage.
Your tentacle spike misses Terence.
Terence is lightly wounded.
You constrict Terence, but do no damage.
Terence hits you with a +4 flail of protection!
* * * LOW HITPOINT WARNING * * *
It was a potion of curing.
You feel better.
You constrict Terence.
Terence hits you with a +4 flail of protection!
* * * LOW HITPOINT WARNING * * *
Okay, then.
Casting: Beastly Appendage (safe; 1% risk of failure)
Confirm with . or Enter, or press ? or * to list all spells.
The spell is quite dangerous to miscast (11% risk of failure)!
Continue anyway?
Your tentacle spike disappears.
You turn into a venomous arachnid creature.
You lose your grip on Terence.
Terence barely misses you.
You hit Terence.
Terence is poisoned.
Terence is moderately wounded.
Terence completely misses you. Terence attacks as you move away!
Terence closely misses you.
You hit Terence but do no damage.
Terence looks as sick as possible!
Terence is heavily wounded.
Terence hits you with a +4 flail of protection!
* * * LOW HITPOINT WARNING * * *
Terence attacks as you move away! Terence barely misses you.
Your transformation is almost over.
Terence attacks as you move away!
Terence hits you with a +4 flail of protection!
You die...

#..# #.# #<.# #.# ..# #..# #.#
#.# ##.# #.# # #.##### +####
#.# # ###.#...###.S.# #.# # #
......#...#._.# #.###.###
###.....###§.§#########....!...
#..#### #≈§§#.s@.......# #..#
#§§.#.########.# #..# #._.#.#
#.# #..# #...#.# #.# #..#
####'.# #.# #.## #..# ## ...
###.# ##.##.. ... ....# #.##.#
#...# ###.# #.##.# ##.##


You could see Terence (very poisoned).

Vanquished Creatures
  An orc priest (D:3)
  Crazy Yiuf (D:2)
  Jessica (D:3)
  An orc wizard (D:3)
  2 adders (D:3)
  3 dart slugs (D:1)
  An orc (D:3)
  5 ball pythons
  8 endoplasms
  7 giant cockroaches
  6 hobgoblins
  3 quokkas
  8 bats
  6 frilled lizards
  7 goblins
  2 kobolds
  8 rats
70 creatures vanquished.

Notes
Turn   | Place    | Note
-------+----------+-------------------------------------------
     0 | D:1      | Arctor the Octopode Transmuter began the quest for the Orb.
     0 | D:1      | Reached XP level 1. HP: 13/13 MP: 3/3
   140 | D:1      | Reached XP level 2. HP: 13/18 MP: 3/5
   261 | D:1      | Found a faded altar of an unknown god.
   392 | D:1      | Reached XP level 3. HP: 16/23 MP: 4/6
  1753 | D:2      | Found a runed translucent door.
  1754 | D:2      | Noticed Crazy Yiuf
  1760 | D:2      | Learned a level 3 spell: Spider Form
  1800 | D:2      | Killed Crazy Yiuf
  1801 | D:2      | Reached XP level 4. HP: 19/29 MP: 3/7
  2065 | D:3      | Reached XP level 5. HP: 32/34 MP: 6/9
  2080 | D:3      | HP: 1/34 [something (4)]
  2251 | D:3      | Noticed Jessica
  2257 | D:3      | Killed Jessica
  2682 | D:3      | Found a glowing golden altar of the Shining One.
  2683 | D:3      | Found a hazy altar of Hepliaklqana.
  2698 | D:3      | Noticed Terence
  2713 | D:3      | HP: 1/35 [Terence/+4 flail of protection (7)]
  2720 | D:3      | Slain by Terence

Illustrated notes

Levels and vault maps discovered:
D:1:      lightli_arrival_lavapool, layout_loops_ring,
          shapermc_ecumenical_altar_gd
D:2:      layout_basic, solitary_fountain, uniq_crazy_yiuf_cottage
D:3:      layout_loops_ring, mainiacjoe_overflow_divided_tiny, minmay_cupped,
          uniq_jessica, uniq_terence

Skill      XL: |  1  2  3  4  5 |
---------------+----------------+-----
Fighting       | 2 |  2.4
Transmutations | 3 |  3.4
Dodging        | 3 |  3.0
Unarmed Combat | |  3.7
Spellcasting   | |  2.9

Action                     |  1- 3 |  4- 6 || total
---------------------------+-------+-------++-------
  Melee: Unarmed           |    89 |    57 ||   146
         Constrict         |    24 |    11 ||    35
         Kick              |    21 |    14 ||    35
         Tentacles         |    12 |    11 ||    23
         Punch             |       |     3 ||     3
   Cast: Beastly Appendage |    36 |    21 ||    57
         Spider Form       |     1 |     1 ||     2
    Use: Potion            |       |     2 ||     2
   Stab: Sleeping          |     2 |     6 ||     8
 Armour: Skin              |    10 |     4 ||    14
  Dodge: Dodged            |    54 |    26 ||    80
